[Event "RUS-ch Youth U21 Girls 2017"]
[Site "Loo"]
[Date "2017.04.20"]
[Round "1"]
[White "Obolentseva, Alexandra"]
[Black "Khokhlova, Daria"]
[Result "1/2-1/2"]
[ECO "E94"]
[WhiteElo "2346"]
[BlackElo "2175"]
[Annotator "NA"]
[PlyCount "114"]
[EventDate "2017.??.??"]
[EventType "tourn"]
[EventCountry "RUS"]
[SourceTitle "playchess.com"]
[Source "ChessBase"]
[SourceQuality "1"]
[TimeControl "40/5400+30:1800+30"]

1. d4 Nf6 2. c4 g6 3. Nc3 Bg7 4. e4 d6 5. Nf3 O-O 6. Be2 e5 7. O-O Qe8 8. dxe5 dxe5 9. Be3 {[%emt 0:01:37] LiveBook: 78 Games} b6 10. Nd5 Na6 11. Qc2 {[%emt 0:01:46] E94: King's Indian: Classical: 6 Be2 e5 7 0-0: Various Black 7th moves} (11. Nd2 Nd7 12. a4 c6 13. Nc3 Qe7 14. a5 Rd8 15. axb6 axb6 16. Qb1 Bb7 17. Rd1 Nb4 18. Rxa8 Rxa8 {½-½ (33) Ftacnik,L (2552)-Naiditsch,A (2684) Germany 2017}) 11... c6 $146 (11... Bg4 12. a3 Bxf3 13. Nxf6+ Bxf6 14. Bxf3 Qe7 15. b4 c6 16. Qa4 Qb7 17. Rfd1 Rfd8 18. Bg4 h5 {1-0 (61) Svane,R (2425)-Bitalzadeh,A (2423) Haarlem 2013}) 12. Nxf6+ Bxf6 13. c5 Rb8 14. b4 Bg7 ({Don't take} 14... Nxb4 $2 15. Qa4 $18) ({Better is} 14... bxc5 15. bxc5 Nc7) 15. Rfc1 b5 16. a4 Nc7 17. axb5 Nxb5 18. Bxb5 Rxb5 19. Rxa7 Rxb4 20. Qd2 Rb7 21. Rxb7 Bxb7 22. Rd1 Ba6 23. Qd6 Be2 24. Rd2 Bxf3 25. gxf3 Qc8 26. Qd7 Qxd7 27. Rxd7 Rc8 28. f4 exf4 29. Bxf4 Bf6 30. Bd6 Bd4 31. Kg2 h5 32. Ra7 g5 33. Ra4 Bg7 34. f3 Kh7 35. h4 f6 36. Kh3 Kg6 37. Ra7 Bh8 38. Kg3 Bg7 39. Ra2 Re8 40. Ra6 Rc8 41. Ra7 Bh8 42. Ra2 Bg7 43. f4 gxf4+ 44. Kxf4 Bh6+ 45. Kf3 Bc1 46. Bf4 Bxf4 47. Kxf4 Rb8 48. Ra6 Rb1 ({Reject} 48... Rc8 $6 49. e5 $16) 49. Rxc6 Rh1 50. e5 Rxh4+ 51. Kf3 Kf5 52. exf6 Rf4+ 53. Kg3 h4+ 54. Kh3 Ke5 $11 55. Rb6 Rxf6 56. Rxf6 Kxf6 57. Kxh4 Ke5 1/2-1/2

[Event "RUS-ch Youth U21 Girls 2017"]
[Site "Loo"]
[Date "2017.04.20"]
[Round "1"]
[White "Dordzhieva, Dinara"]
[Black "Maltsevskaya, Aleksandra"]
[Result "1/2-1/2"]
[ECO "E68"]
[WhiteElo "2277"]
[BlackElo "2238"]
[Annotator "NA"]
[PlyCount "118"]
[EventDate "2017.??.??"]
[EventType "tourn"]
[EventCountry "RUS"]
[SourceTitle "playchess.com"]
[Source "ChessBase"]
[SourceQuality "1"]
[TimeControl "40/5400+30:1800+30"]

1. d4 Nf6 2. c4 g6 3. g3 Bg7 4. Bg2 O-O 5. Nc3 d6 6. Nf3 Nbd7 7. O-O e5 8. e4 exd4 9. Nxd4 Re8 10. h3 Nc5 11. Re1 Bd7 12. Kh2 h6 13. Rb1 a5 14. b3 {[%emt 0:00:58] E68: King's Indian: Fianchetto: 6...Nbd7 7 0-0 e5 8 e4} Qc8 (14... h5 15. f3 h4 16. g4 a4 17. b4 Ne6 18. Be3 Nxd4 19. Bxd4 Be6 20. Nd5 b5 21. Bxf6 Bxf6 22. cxb5 Bxd5 23. Qxd5 {0-1 (66) Georgiev,K (2624)-Ganguly,S (2660) Tallinn 2016}) 15. f3 Nh5 $146 (15... Qd8 16. Be3 h5 17. Qd2 h4 18. g4 Nh7 19. f4 Nf6 20. Bf2 Bxg4 21. hxg4 Nxg4+ {1-0 (42) Freisler,P (2325)-Vybiral,Z (2180) Ceske Budejovice 1998}) 16. Be3 c6 17. Qd2 g5 18. Rbd1 b6 19. f4 gxf4 20. gxf4 Qd8 21. Qf2 Nf6 22. e5 dxe5 23. Nxc6 Qc8 24. Nxe5 Ra7 25. Nxd7 $2 (25. Rg1) 25... Rxd7 26. Nd5 Nxd5 27. cxd5 Ne4 $2 (27... Rd6 28. Rg1 Qf5) 28. Bxe4 Rxe4 29. Bxb6 Rxe1 30. Qxe1 a4 31. b4 Qc2+ 32. Qd2 Qxd2+ 33. Rxd2 Bc3 34. Rd3 Bxb4 35. Kg3 f5 36. Kf3 Kf7 37. Rd4 Be7 38. Rxa4 Rxd5 39. Be3 Rd1 40. Ra6 h5 41. a4 Rh1 42. Kg2 Ra1 43. a5 Ra2+ 44. Kf3 Ra3 45. Kf2 Ra2+ 46. Kf1 Ra1+ $1 47. Ke2 Ra2+ 48. Kd3 Ra3+ 49. Ke2 Ra2+ 50. Kd1 Ra3 51. Bb6 Rxh3 52. Ra8 Ra3 $2 (52... Rb3 $11) 53. a6 h4 54. a7 Ra1+ 55. Ke2 Bf6 $1 ({Not} 55... Ra2+ $2 56. Kd3 $18) 56. Rc8 h3 57. Bg1 h2 58. Rc7+ Ke6 59. Bxh2 $11 Bd4 1/2-1/2

[Event "RUS-ch Youth U21 Girls 2017"]
[Site "Loo"]
[Date "2017.04.20"]
[Round "1"]
[White "Dimitrova, Aleksandra"]
[Black "Shuvalova, Polina"]
[Result "0-1"]
[ECO "B18"]
[WhiteElo "2246"]
[BlackElo "2376"]
[Annotator "NA"]
[PlyCount "130"]
[EventDate "2017.??.??"]
[EventType "tourn"]
[EventCountry "RUS"]
[SourceTitle "playchess.com"]
[Source "ChessBase"]
[SourceQuality "1"]
[TimeControl "40/5400+30:1800+30"]

1. e4 c6 2. d4 d5 3. Nc3 dxe4 4. Nxe4 Bf5 5. Ng3 Bg6 6. Bc4 {[%emt 0:01:07] LiveBook: 716 Games} e6 7. N1e2 Nd7 8. Nf4 {[%emt 0:03:13] B18: Classical Caro-Kann: 4...Bf5 sidelines} Bd6 9. Nfh5 $146 (9. Bb3 Ngf6 10. Qf3 Qc7 11. h4 e5 12. Nxg6 hxg6 13. Bg5 exd4 14. O-O-O O-O-O 15. Rxd4 Be5 16. Rdd1 Nc5 17. Bc4 b5 18. Bxb5 cxb5 19. Qa8+ Qb8 20. Qc6+ Qc7 21. Qa8+ {½-½ (21) Fedorchuk,S (2624)-Postny,E (2611) Sibenik 2016}) 9... Bxh5 10. Nxh5 g6 11. Ng3 Ngf6 12. Bh6 Qb6 13. Bb3 Bf8 14. Bxf8 Kxf8 15. O-O Kg7 16. c3 Rhd8 17. Qf3 c5 18. Ne2 Rac8 19. Rab1 cxd4 20. cxd4 Nb8 21. Rfd1 Nc6 22. d5 exd5 23. Bxd5 Nxd5 24. Rxd5 Rxd5 25. Qxd5 {[%emt 0:00:02] [#]} Rd8 $1 26. Qb3 Qxb3 27. axb3 Nd4 28. Nxd4 Rxd4 29. Kf1 Rd2 30. b4 a6 31. b5 axb5 32. Rc1 Rxb2 33. Rc7 h5 34. g3 b4 35. Rxb7 Kf6 36. Kg2 b3 37. h4 (37. Kf3 $17) 37... Ke6 (37... Ke5 $142 38. Kf3 Kd4) 38. Kf3 Rb1 39. Kg2 Kd5 40. Rxf7 Ra1 41. Rb7 Kc4 42. Rc7+ Kd3 43. Rd7+ Kc2 44. Rc7+ Kb1 45. Kf3 Ra4 (45... b2 $142 46. Kf4 Ra5 47. Rb7 Ka1 48. f3 b1=Q 49. Rxb1+ Kxb1 50. Ke3 Kc2 51. f4 Ra4 52. Kf2 Kd3 53. Kf3 Kd2 54. g4 Ra3+ 55. Ke4 hxg4 56. h5 gxh5 57. Kd5 g3 58. f5 g2 59. f6 g1=Q 60. Ke6 Qd4 61. Ke7 Ra7+ 62. Ke6 Qd7+ 63. Ke5 Ra5+ 64. Kf4 Qg4#) 46. Rc6 b2 47. Rxg6 Kc2 48. Rb6 Ra3+ 49. Ke2 b1=Q 50. Rxb1 Kxb1 51. f3 Kc2 52. g4 hxg4 53. fxg4 Rh3 54. Kf2 Kd3 55. Kg2 Rxh4 56. Kg3 Rh8 57. Kf4 Kd4 58. Kf5 Rf8+ 59. Ke6 Rg8 60. Kf5 Kd5 61. g5 Rf8+ 62. Kg6 Ke6 63. Kh7 Rf7+ 64. Kh6 Ra7 65. Kg6 Rb7 0-1

[Event "RUS-ch Youth U21 Girls 2017"]
[Site "Loo"]
[Date "2017.04.20"]
[Round "1"]
[White "Styazhkina, Anna"]
[Black "Chernyak, Viktoria"]
[Result "0-1"]
[ECO "C07"]
[WhiteElo "2222"]
[BlackElo "2241"]
[Annotator "NA"]
[PlyCount "74"]
[EventDate "2017.??.??"]
[EventType "tourn"]
[EventCountry "RUS"]
[SourceTitle "playchess.com"]
[Source "ChessBase"]
[SourceQuality "1"]
[TimeControl "40/5400+30:1800+30"]

1. e4 e6 2. d4 d5 3. Nd2 c5 4. dxc5 Nf6 5. exd5 Qxd5 6. Ngf3 Bxc5 7. Bc4 Qc6 {[%emt 0:01:53] C07: French Tarrasch: 3...c5, 4 Ngf3 and 4 exd5 Qxd5} 8. Qe2 (8. O-O Nbd7 9. Qe2 a6 10. a4 b6 11. Nb3 Bb7 12. Nxc5 Nxc5 13. b4 Ncd7 14. Rd1 O-O 15. b5 {½-½ (31) Zherebukh,Y (2605)-So,W (2822) Saint Louis 2017}) 8... O-O 9. O-O b6 $146 (9... a6 10. Nb3 Bd6 11. Bg5 b5 12. Bd3 Nbd7 13. c4 bxc4 14. Bxc4 h6 15. Be3 Nb6 16. Na5 Qc7 17. Rac1 Qb8 18. Nc6 Qb7 19. Na5 Qb8 20. Nc6 {½-½ (20) Antal,G (2539)-Fedoseev,V (2685) Gjakova 2016}) 10. Nb3 Bb7 11. Nxc5 Qxc5 12. Ne5 Nc6 13. Nxc6 $1 Qxc6 14. f3 Rfd8 15. Kh1 Rac8 16. b3 Nd5 17. Bb2 Qc7 18. Rad1 h6 (18... a6 $11) 19. a4 Qe7 20. f4 Qh4 21. Rd3 Nxf4 22. Qe5 Qg5 23. Rg3 $2 (23. Rxd8+ {is a better chance.} Rxd8 24. Qxg5 hxg5 25. Kg1) 23... Bxg2+ 24. Kg1 Qxe5 25. Bxe5 Bxf1 26. Rxg7+ Kf8 27. Kxf1 Rd1+ 28. Kf2 Ng6 29. Bf6 Rd2+ 30. Kg3 Rxc2 31. Rh7 Rc6 32. h4 R2xc4 33. bxc4 e5 34. Bd8 Ke8 35. h5 Kxd8 $19 36. hxg6 Rxg6+ 37. Kf3 Ke7 0-1

[Event "RUS-ch Youth U21 Girls 2017"]
[Site "Loo"]
[Date "2017.04.21"]
[Round "2"]
[White "Chernyak, Viktoria"]
[Black "Shuvalova, Polina"]
[Result "0-1"]
[ECO "A14"]
[WhiteElo "2241"]
[BlackElo "2376"]
[Annotator "NA"]
[PlyCount "54"]
[EventDate "2017.??.??"]
[EventType "tourn"]
[EventCountry "RUS"]
[SourceTitle "playchess.com"]
[Source "ChessBase"]
[SourceQuality "1"]
[TimeControl "40/5400+30:1800+30"]

1. Nf3 Nf6 2. c4 e6 3. g3 d5 4. Bg2 Be7 5. O-O O-O 6. d4 c6 7. Qc2 b6 8. b3 {[%emt 0:01:54] LiveBook: 235 Games} Bb7 9. Bb2 {[%emt 0:02:20] E06: Closed Catalan: Early deviations} (9. Rd1 Nbd7 10. Nc3 Ba6 11. Bb2 dxc4 12. bxc4 Bxc4 13. Ne5 Nxe5 14. dxe5 Nd5 15. Ne4 b5 16. Nd6 Bxd6 17. exd6 f6 18. e4 {1-0 (53) Maletin,P (2577)-Smirnov,P (2595) Khanty-Mansiysk 2015}) 9... Na6 10. Nc3 c5 11. Rfd1 Nb4 $146 (11... Qc8 12. cxd5 cxd4 13. Nxd4 Nb4 14. Qd2 Nbxd5 15. Rac1 Nxc3 16. Rxc3 Qd7 17. Nf5 Nd5 18. Rc7 Qxc7 19. Qh6 gxh6 20. Nxh6# {1-0 (20) Kuemin,S (2373)-Staechelin,R (2178) Saas Almagell 2005}) 12. Qb1 dxc4 13. dxc5 Qc8 14. cxb6 cxb3 15. axb3 axb6 16. e3 h6 17. Rxa8 Qxa8 18. Ne1 Bxg2 19. Nxg2 Rd8 20. Nf4 e5 21. Nfe2 Qf3 22. Rxd8+ Bxd8 23. Ba3 Ng4 24. Nd1 $19 (24. Qf1 Nd3 25. Qg2 Qxf2+ 26. Qxf2 Ngxf2 27. Nc1) 24... Nd5 25. Qd3 Bg5 26. Nc1 Ndxe3 27. fxe3 Bxe3+ 0-1

[Event "RUS-ch Youth U21 Girls 2017"]
[Site "Loo"]
[Date "2017.04.21"]
[Round "2"]
[White "Maltsevskaya, Aleksandra"]
[Black "Obolentseva, Alexandra"]
[Result "0-1"]
[ECO "E94"]
[WhiteElo "2238"]
[BlackElo "2346"]
[Annotator "NA"]
[PlyCount "80"]
[EventDate "2017.??.??"]
[EventType "tourn"]
[EventCountry "RUS"]
[SourceTitle "playchess.com"]
[Source "ChessBase"]
[SourceQuality "1"]
[TimeControl "40/5400+30:1800+30"]

1. d4 Nf6 2. c4 g6 3. Nc3 Bg7 4. e4 d6 5. Nf3 O-O 6. Be2 e5 7. O-O exd4 8. Nxd4 Re8 9. f3 c6 10. Kh1 a6 11. Nc2 {[%emt 0:11:32] LiveBook: 20 Games} b5 12. Bf4 Bf8 13. Qd2 Ra7 14. Rad1 Rd7 15. a4 bxc4 16. Bxc4 a5 17. Nd4 Qb6 18. Bg5 Bg7 $1 19. Qf2 (19. b3 $14) 19... Qc5 20. e5 dxe5 21. Bxf6 Qxc4 $17 ({Not} 21... Bxf6 22. Ne4 Qe7 23. Nb3 $14 (23. Nxf6+ Qxf6 24. Nb3 Ba6 25. Nxa5 Rd4 $11)) 22. Bxg7 Kxg7 23. Nc2 Red8 24. Ne3 Qe6 25. Rde1 Ba6 26. Rg1 f5 27. f4 Rd2 28. Qh4 R8d4 29. Ng4 e4 30. Ne5 Qf6 31. Qh3 Nd7 32. g4 Nxe5 33. fxe5 Qxe5 34. gxf5 Bc8 35. Ref1 Kg8 36. Qh5 e3 37. Rxg6+ hxg6 38. Qxg6+ Kf8 39. Qh6+ Qg7 40. Qh3 c5 0-1

[Event "RUS-ch Youth U21 Girls 2017"]
[Site "Loo"]
[Date "2017.04.21"]
[Round "2"]
[White "Styazhkina, Anna"]
[Black "Dordzhieva, Dinara"]
[Result "1-0"]
[ECO "B84"]
[WhiteElo "2222"]
[BlackElo "2277"]
[Annotator "NA"]
[PlyCount "157"]
[EventDate "2017.??.??"]
[EventType "tourn"]
[EventCountry "RUS"]
[SourceTitle "playchess.com"]
[Source "ChessBase"]
[SourceQuality "1"]
[TimeControl "40/5400+30:1800+30"]

1. e4 c5 2. Nf3 d6 3. d4 Nf6 4. Nc3 cxd4 5. Nxd4 a6 6. Be2 e6 7. f4 Nc6 8. Be3 {[%emt 0:05:43] LiveBook: 174 Games} Be7 9. O-O O-O 10. Qe1 Nxd4 11. Bxd4 b5 12. a3 Bb7 13. Qg3 g6 14. Bd3 Nh5 15. Qh3 {[%emt 0:01:04] [#]} Nxf4 $1 16. Rxf4 e5 17. Bxe5 dxe5 18. Rff1 Rc8 19. Ne2 Bf6 20. a4 b4 21. b3 Bg7 22. Rf2 a5 23. Raf1 Qb6 24. Kh1 Ba6 25. c4 Rc7 26. Ng1 Bb7 27. Nf3 f6 28. Rd2 Bc8 29. Qh4 Rd7 30. Ne1 Rfd8 31. Qg3 Qc5 32. Rdf2 Bb7 33. h4 Qd4 34. Re2 Qc3 35. Rf3 Qc1 36. Rc2 Qd1 37. Kh2 Bh6 38. Be2 Qd4 39. Qg4 f5 40. Rxf5 Qxe4 41. Rf1 Rd4 42. Qe6+ Kh8 43. g3 Bc8 44. Qe7 R4d7 45. Qc5 Qe3 46. Qxa5 Bb7 ({But not} 46... Rd2 $2 47. Ng2 Qd4 48. Rxd2 Bxd2 49. Qc7 $18) 47. Qxb4 Be4 48. Ra2 Rd2 49. Rxd2 Qxd2 50. Qxd2 Rxd2 51. Rf2 Be3 52. Nf3 Rb2 (52... Bxf3 $1 $19 {and Black stays clearly on top.} 53. Rxf3 Rxe2+ 54. Kh3 e4 55. Rf8+ Kg7) 53. Rg2 Bd4 $2 (53... Bc6 $17 {stays on course.} 54. a5 Rxb3 55. Nxe5 Bxg2 56. Kxg2 Ra3) 54. Bd1 Rb1 55. Bc2 Bxc2 56. Rxc2 Rxb3 57. Nd2 Ra3 58. c5 Rxa4 59. c6 Ra8 60. Ne4 Bb6 61. Rb2 Bc7 (61... Ra6 {was necessary.} 62. Nc5 Bxc5 63. Rb8+ (63. c7 Rc6 64. Rb8+ Kg7 $16) 63... Kg7) 62. Rb7 Rc8 63. Nf6 e4 64. Nxe4 (64. Kg2 $142) 64... Bxg3+ 65. Kxg3 Rxc6 66. Kf4 Rc4 $2 (66... h6 $18 67. Ke5 Kg8) 67. Ke5 Ra4 68. Rc7 (68. Nf6 $142 Ra5+ 69. Kd4 Ra4+ 70. Kc5 Ra5+ 71. Kb4 Rh5 72. Kc4 Rxh4+ 73. Kd5) 68... Rb4 69. Kf6 Rb6+ 70. Kf7 Rb8 71. Nf6 Ra8 72. Ke6 Ra6+ 73. Ke5 Ra5+ 74. Ke6 Ra6+ 75. Kf7 Ra8 76. Re7 Rb8 77. Re8+ Rxe8 78. Nxe8 h5 79. Nf6 1-0

[Event "RUS-ch Youth U21 Girls 2017"]
[Site "Loo"]
[Date "2017.04.21"]
[Round "2"]
[White "Khokhlova, Daria"]
[Black "Bykova, Anastasia"]
[Result "1/2-1/2"]
[ECO "D11"]
[WhiteElo "2175"]
[BlackElo "2241"]
[Annotator "NA"]
[PlyCount "85"]
[EventDate "2017.??.??"]
[EventType "tourn"]
[EventCountry "RUS"]
[SourceTitle "playchess.com"]
[Source "ChessBase"]
[SourceQuality "1"]
[TimeControl "40/5400+30:1800+30"]

1. d4 d5 2. c4 c6 3. Nf3 Nf6 4. e3 g6 5. b3 {[%emt 0:07:00] LiveBook: 20 Games} Bg7 {[%emt 0:00:19] D70: Grünfeld: Unusual White 3rd moves (met by ...d5)} 6. Bb2 Ne4 (6... Bg4 7. Nbd2 Ne4 8. Be2 Nxd2 9. Qxd2 Nd7 10. cxd5 cxd5 11. Qb4 Qb6 12. Qxb6 Nxb6 13. Ba3 Bxf3 14. Bxf3 {½-½ (42) Volkov,S (2614)-Neverov,V (2508) St Petersburg 2011}) 7. Bd3 $146 (7. Nbd2 Bf5 8. Be2 O-O 9. O-O Nd7 10. Nxe4 Bxe4 11. Qd2 Nf6 12. Ne5 Bf5 13. cxd5 Nxd5 {1-0 (60) Jedynak,R (2494)-Urban,K (2456) Lublin 2009}) 7... c5 8. O-O cxd4 9. Nxd4 O-O 10. cxd5 Qxd5 11. Qf3 Nf6 12. e4 (12. Nd2 $14) 12... Qh5 13. Qg3 Bd7 14. e5 Nd5 15. f4 Nc6 16. Be2 Qh6 17. Nxc6 Bxc6 18. Nd2 f6 19. exf6 Bxf6 20. Bxf6 Rxf6 21. Bc4 Kh8 22. Ne4 Rf5 23. Bxd5 Rxd5 24. Qe3 Qg7 25. Rad1 Rxd1 26. Rxd1 e5 27. fxe5 Qxe5 28. Qc3 Qxc3 29. Nxc3 Kg7 30. g3 a5 31. Rd2 Kf6 $11 32. Re2 Rd8 33. Kf2 Kf5 34. h3 h5 35. Ke3 g5 36. Rf2+ Ke5 37. g4 hxg4 38. hxg4 Bd7 39. Ne4 Bxg4 40. Nxg5 Rg8 41. Nf3+ Bxf3 42. Rxf3 Rg2 43. Rf7 1/2-1/2

[Event "RUS-ch Youth U21 Girls 2017"]
[Site "Loo"]
[Date "2017.04.21"]
[Round "2"]
[White "Rodionova, Daria"]
[Black "Dimitrova, Aleksandra"]
[Result "0-1"]
[ECO "B42"]
[WhiteElo "2164"]
[BlackElo "2246"]
[Annotator "NA"]
[PlyCount "96"]
[EventDate "2017.??.??"]
[EventType "tourn"]
[EventCountry "RUS"]
[SourceTitle "playchess.com"]
[Source "ChessBase"]
[SourceQuality "1"]
[TimeControl "40/5400+30:1800+30"]

1. e4 c5 2. Nf3 e6 3. d4 cxd4 4. Nxd4 a6 5. Bd3 Bc5 6. Nb3 Be7 7. Qg4 Bf6 {[%emt 0:00:06] B42: Sicilian: Kan Variation: 5 Bd3} (7... g6 8. Qe2 d6 9. c4 Nc6 10. Nc3 Ne5 11. O-O Nf6 12. Bh6 Nfg4 13. Bg7 Rg8 14. Bxe5 Nxe5 15. f4 Nc6 16. Kh1 {½-½ (45) Bologan,V (2640)-Vitiugov,N (2726) Tallinn 2016}) 8. Qg3 Nc6 9. N1d2 {[%emt 0:00:29] LiveBook: 13 Games} d5 10. exd5 exd5 11. O-O Nge7 12. Nf3 O-O 13. c3 Nf5 14. Qf4 $146 ({Much worse is} 14. Qh3 g6 $11) (14. Bxf5 Bxf5 15. Bg5 {½-½ (22) Lampert,J (2243)-Carow,J (2195) Oberhof 2012}) 14... Nce7 15. Rd1 Ng6 16. Qd2 Re8 17. Bxf5 Bxf5 18. Qxd5 Qxd5 19. Rxd5 Nh4 20. Nbd2 Bg4 21. Kf1 $11 Be6 22. Rd3 Nxf3 23. Rxf3 Bg4 24. Re3 Rxe3 25. fxe3 Rd8 26. Kf2 Bh4+ 27. g3 Be7 28. Nb3 Rd3 29. Bd2 a5 30. Ke1 Rd5 31. c4 Rh5 32. h4 Bd6 33. Kf2 Rf5+ 34. Kg2 Rf3 35. Be1 a4 36. Nd4 Rxe3 37. Bf2 Rd3 38. Re1 h5 39. Nb5 Bb4 40. Re8+ Kh7 41. a3 Bd2 42. Re7 Kg6 43. Nd4 b6 44. Ne2 Rb3 45. Bd4 Be6 46. Rc7 Kf5 47. Bxg7 Kg4 48. Be5 Re3 0-1

[Event "RUS-ch Youth U21 Girls 2017"]
[Site "Loo"]
[Date "2017.04.22"]
[Round "3"]
[White "Shuvalova, Polina"]
[Black "Rodionova, Daria"]
[Result "1/2-1/2"]
[ECO "D85"]
[WhiteElo "2376"]
[BlackElo "2164"]
[Annotator "NA"]
[PlyCount "80"]
[EventDate "2017.??.??"]
[EventType "tourn"]
[EventCountry "RUS"]
[SourceTitle "playchess.com"]
[Source "ChessBase"]
[SourceQuality "1"]
[TimeControl "40/5400+30:1800+30"]

1. d4 Nf6 2. c4 g6 3. Nc3 d5 4. cxd5 Nxd5 5. e4 Nxc3 6. bxc3 Bg7 7. Be3 c5 8. Qd2 O-O 9. Nf3 Qc7 {[%emt 0:11:21] D85: Exchange Grünfeld: Unusual White 7th moves and lines with 7 Nf3} (9... Qa5 10. Rc1 Bg4 11. Ng5 b5 12. h3 Bd7 13. Be2 e6 14. d5 Qc7 15. c4 exd5 16. exd5 b4 17. O-O a5 18. Bf3 Qb6 19. h4 {½-½ (51) Zubov,A (2601)-Savchenko,B (2612) Pavlodar 2015}) 10. Be2 Rd8 11. O-O b6 $146 (11... Nc6 12. Rac1 Bg4 13. h3 Bxf3 14. Bxf3 cxd4 15. cxd4 Bxd4 16. Bxd4 e5 17. Bxe5 Qxe5 18. Qe3 Rd4 19. Rfd1 Rad8 20. Rxd4 Rxd4 {1-0 (57) Kostyra,S (2336)-Nasuta,G (2130) Bialystok 2010}) 12. Rab1 e5 13. Bg5 f6 14. Bc4+ Kf8 15. Nxe5 fxg5 {[%emt 0:18:58] [#]} 16. f4 $1 ({Not} 16. Qxg5 Qe7 17. Qf4+ Qf6 18. Qxf6+ Bxf6 $11) 16... Ke8 17. Qf2 Ba6 (17... cxd4 $14 18. cxd4 (18. fxg5 Ba6 19. Rb5 dxc3 20. Bf7+ Ke7 $11) 18... Ba6 19. Bxa6 Nxa6) 18. Bxa6 Nxa6 19. fxg5 (19. Qe2 $14 c4 20. Qb2 (20. Qxc4 $2 Qxc4 21. Nxc4 Rac8 $19)) 19... cxd4 20. cxd4 Bxe5 21. Qf8+ Kd7 22. Rf7+ Kc8 $1 23. Rxc7+ Nxc7 24. Qf3 Bxd4+ 25. Kh1 {[%emt 0:00:03] [#]} Be5 $1 26. Rd1 Kb7 27. g3 Rxd1+ 28. Qxd1 {[%emt 0:00:06] [#]} Kc6 (28... Rg8 $1 $19 29. Kg2 Rg7) 29. Kg2 (29. Qb3 $15) 29... b5 $17 30. Qc2+ Kd6 31. Qb3 a6 32. Qf7 Rh8 33. h4 Ne6 34. g4 Nf4+ 35. Kf3 Ne6 36. Ke2 Nf4+ 37. Kf3 Ne6 38. Ke2 Nd4+ 39. Kd3 Ne6 40. Ke2 Nf4+ 1/2-1/2

[Event "RUS-ch Youth U21 Girls 2017"]
[Site "Loo"]
[Date "2017.04.22"]
[Round "3"]
[White "Obolentseva, Alexandra"]
[Black "Styazhkina, Anna"]
[Result "1-0"]
[ECO "A22"]
[WhiteElo "2346"]
[BlackElo "2222"]
[Annotator "NA"]
[PlyCount "96"]
[EventDate "2017.??.??"]
[EventType "tourn"]
[EventCountry "RUS"]
[SourceTitle "playchess.com"]
[Source "ChessBase"]
[SourceQuality "1"]
[TimeControl "40/5400+30:1800+30"]

1. c4 e5 2. Nc3 Nf6 3. g3 d5 4. cxd5 Nxd5 5. Bg2 Nb6 6. e3 Nc6 {[%emt 0:00:08] A22: English Opening: 1...e5 2 Nc3 Nf6} 7. Nge2 Bg4 (7... h5 8. h3 h4 9. g4 f5 10. d4 exd4 11. exd4 fxg4 12. Qd3 Qf6 13. Ne4 Bb4+ 14. Bd2 {0-1 (46) Caruana,F (2804)-Vachier Lagrave,M (2789) Paris 2016}) 8. h3 Bf5 9. d4 Nb4 10. Ne4 $146 (10. O-O Bc2 11. Qe1 Bg6 12. f4 exf4 13. Nxf4 Bd6 14. Nxg6 hxg6 {1-0 (44) Christiansen,J (2428)-Roesemann,R (2265) Marianske Lazne 2017}) 10... exd4 (10... Qe7 $11 11. f3 O-O-O) 11. Nxd4 Bg6 12. O-O Be7 13. a3 N4d5 14. f4 Bxe4 15. Bxe4 O-O 16. Qc2 h6 17. Rd1 c6 (17... Qe8 $16 {is a better defense.}) 18. Bg2 Qc7 19. e4 Nf6 20. b3 Rad8 21. Bb2 Rfe8 22. Kh2 Bf8 23. Nf5 Nfd7 (23... Re6 $16 24. Bf3 g6) 24. a4 a5 25. Qc3 Nf6 26. Nxh6+ Kh7 27. Ng4 Nxg4+ 28. hxg4 Nd7 29. e5 Bb4 30. Qc2+ Kg8 31. Bd4 Nb6 32. Bc3 (32. g5 $18 {has better winning chances.}) 32... Qe7 (32... Nd5 $142 33. Bd4 Qc8) 33. Be4 Nd5 34. Bxd5 cxd5 35. Bd4 Rc8 36. Qd3 Qe6 37. f5 Qh6+ 38. Kg2 Qg5 (38... Bc5 $16 39. Rh1 Qa6 40. Qxa6 bxa6 41. Bxc5 Rxc5) 39. Kf3 Rc6 40. Rh1 Rh6 41. Be3 Rxh1 42. Rxh1 Qd8 43. f6 g6 44. Bd4 $18 (44. Rh6 $142 Re7 45. e6 Rxe6 {[#]} 46. Rxg6+ $1 Kf8 47. Bh6+ Ke8 48. Qb5+ Rc6 49. Rg8+ (49. Qxb7 Rxf6+ 50. Rxf6 Qxf6+ 51. Bf4 Qc3+ 52. Kg2 Qc2+ 53. Kh1 Qh7+ 54. Kg2 Qc2+ 55. Kh3 Qh7+ 56. Kg2 Qc2+ $11) 49... Kd7 50. Qxd5+ Rd6 51. Qxf7+ Kc8 52. Bf4) 44... Qa8 45. Qe3 Bf8 46. Qd2 Qa6 47. Kf4 Bh6+ 48. Rxh6 Qf1+ {[%emt 0:00:06] Ke4} 1-0

[Event "RUS-ch Youth U21 Girls 2017"]
[Site "Loo"]
[Date "2017.04.22"]
[Round "3"]
[White "Dordzhieva, Dinara"]
[Black "Chernyak, Viktoria"]
[Result "0-1"]
[ECO "C00"]
[WhiteElo "2277"]
[BlackElo "2241"]
[Annotator "ChessBase"]
[PlyCount "82"]
[EventDate "2017.??.??"]
[EventType "tourn"]
[EventCountry "RUS"]
[SourceTitle "playchess.com"]
[Source "ChessBase"]
[SourceQuality "1"]
[TimeControl "40/5400+30:1800+30"]

1. e4 e6 2. d3 c5 3. Nf3 Nc6 4. g3 d5 5. Nbd2 Nge7 6. Bg2 g6 7. O-O Bg7 8. Re1 O-O 9. c3 Qc7 10. Qe2 b6 11. e5 a5 12. a4 Ba6 13. h4 Rab8 14. Nf1 b5 15. axb5 Rxb5 16. N1h2 Kh8 17. h5 Ng8 18. Bh3 Bc8 19. d4 Qb8 20. Bf1 Na7 21. Qc2 c4 22. Ng4 f5 23. exf6 Nxf6 24. Nxf6 Rxf6 25. Ne5 gxh5 26. Ra2 Qb7 27. Qe2 Nc6 28. Qxh5 Nxe5 29. Rxe5 Rf8 30. Re1 Bd7 31. Bh3 Rb6 32. Rxa5 Rxb2 33. Be3 Rc2 34. Rea1 Rxc3 35. Bh6 Bxh6 36. Qxh6 Rcf3 37. R1a2 Qb1+ 38. Bf1 Rxg3+ 39. fxg3 Rxf1+ 40. Kg2 Rg1+ 41. Kf3 Qe4+ 0-1

[Event "RUS-ch Youth U21 Girls 2017"]
[Site "Loo"]
[Date "2017.04.22"]
[Round "3"]
[White "Dimitrova, Aleksandra"]
[Black "Khokhlova, Daria"]
[Result "0-1"]
[ECO "B27"]
[WhiteElo "2246"]
[BlackElo "2175"]
[Annotator "NA"]
[PlyCount "64"]
[EventDate "2017.??.??"]
[EventType "tourn"]
[EventCountry "RUS"]
[SourceTitle "playchess.com"]
[Source "ChessBase"]
[SourceQuality "1"]
[TimeControl "40/5400+30:1800+30"]

1. e4 c5 2. Nf3 g6 3. d4 cxd4 4. Qxd4 Nf6 5. Nc3 Nc6 6. Qa4 d6 7. e5 Ng4 {[%emt 0:06:49] B27: Sicilian: 2 Nf3, unusual Black 2nd moves} (7... dxe5 8. Nxe5 Bd7 9. Nxd7 Qxd7 10. Be3 Bg7 11. Rd1 Qg4 12. Rd4 Qf5 13. Bd3 Qe5 14. Rb4 Qc7 15. Bb5 O-O 16. Rc4 {0-1 (36) Wei,Y (2706)-Bu,X (2681) China 2015}) 8. Bb5 Bg7 9. exd6 {[%emt 0:05:22] LiveBook: 9 Games} Qxd6 10. Ne4 Qc7 11. Bf4 $146 (11. h3 Nf6 12. Nxf6+ Bxf6 13. Bf4 Qb6 14. Be3 Qc7 15. Bxc6+ bxc6 {½-½ (27) Kadric,D (2532)-Canty,J (2337) Las Vegas 2015}) 11... e5 (11... Qxf4 $17 12. Bxc6+ Kf8) 12. Bd2 O-O 13. h3 Nf6 14. Nxf6+ Bxf6 15. O-O Bf5 16. Bc3 Bg7 17. Rfe1 f6 18. Bc4+ Kh8 19. Qb3 Rfd8 20. Be6 Bxe6 21. Qxe6 Qd7 22. Qc4 Rac8 23. Qe2 Ne7 24. Red1 {[%emt 0:01:27] [#]} (24. Rac1 $11) 24... Nd5 $1 25. Ba5 b6 26. c4 Nf4 27. Qe4 Qc7 28. Bc3 Kg8 29. b3 $15 b5 30. Nd2 f5 31. Qe1 b4 32. Bxb4 Nd3 0-1